Kikimora, lawful female human Samurai ------ |..<.| ------ |%....#######--------------- ##-....| |....| #..............| # |....| ----.- |....)........| ### --|--- # |.............| # # ### --|-----.------ ### # # # ##################### # # # ------# # # ##########`##########.....|# # --------|------- e##############%####|)...|###### #### |..............| @-.-------- #.....|# --|-.-- |.........).....# d|....%....#########|....|# |..>..| |..............| #|........| |.....# |.....| |...............######|........| |....| |.....| ---------------- ---------- ------ ------- Kikimora the Ronin Experience level: 5 Strength: 15 Dexterity: 19 Constitution: 18 Intelligence: 8 Wisdom: 9 Charisma: 6 Health: 0(54) Energy: 16(16) Def: 9 Gold: 761 Moves: 2095 Dungeon seed: 1c18l6jIm9-etzdu Game ID: Kikimora_1465046864 Your Inventory: Coins $ - 761 gold pieces Weapons a - a +0 katana (alternate weapon; not wielded) b - a +2 wakizashi (weapon in hand) c - a +1 yumi d - 42 blessed +0 ya (in quiver) g - 12 blessed +0 shuriken Armor e - an uncursed rustproof +0 splint mail (being worn) n - an uncursed +0 orcish helm (being worn) N - an uncursed +0 pair of high boots (being worn) Comestibles i - 2 uncursed lichen corpses j - 4 uncursed gunyoki k - 2 uncursed tripe rations l - an uncursed pancake o - an uncursed eucalyptus leaf q - 3 uncursed sprigs of wolfsbane v - an uncursed fortune cookie Scrolls x - an uncursed scroll of identify Potions u - an uncursed potion of object detection w - an uncursed potion of restore ability z - a blessed potion of confusion Rings h - an uncursed ring of stealth (on left hand) p - a cursed ring of hunger r - a cursed ring of sustain ability y - an uncursed ring of sustain ability Wands f - a wand of probing (0:3) s - a wand of enlightenment (0:12) Tools A - an uncursed magic whistle Spells and supernatural/magical abilities: Name Level Category Fail Memory W - pray for help -- divine ? -- Your skills at the end: Miscellaneous Skills martial arts [Basic] wands [Basic] Weapon Skills short sword [Basic] long sword [Basic] bow [Basic] shuriken [Basic] Spellcasting Skills Final Attributes: You were fervently aligned. You were stealthy. You were fast. You are dead. Vanquished creatures: 3 giant ants an iguana 3 rothes an orc zombie 2 dwarf zombies a gecko a hobgoblin 6 giant rats 2 yellow molds 6 jackals a fox 8 newts 2 goblins 4 sewer rats 5 grid bugs a bat 4 lichens 51 creatures vanquished. Voluntary challenges: You used a wielded weapon 70 times, starting on turn 3. You did not use tools. You were illiterate. You never genocided any monsters. You never polymorphed an object. You never changed form. You used no wishes. You never split a pudding. You never wrote Elbereth's name. You never violated your personal moral code. Dungeon overview: The Dungeons of Doom: levels 1 to 7 Level 1 an altar to Amaterasu Omikami a long staircase Level 2 Level 3 a potion shop Level 4 some fountains a long staircase Level 5 some fountains Level 6 Level 7 <- You were here History has recorded: On T:1 you entered the Dungeons of Doom to retrieve the Amulet of Yendor! On T:320 you reached level 2 of The Dungeons of Doom. On T:443 you reached level 4 of The Dungeons of Doom. On T:446 you reached level 3 of The Dungeons of Doom. On T:499 you advanced to experience level 2. On T:941 you advanced to experience level 3. On T:1274 you reached level 5 of The Dungeons of Doom. On T:1516 you reached level 6 of The Dungeons of Doom. On T:1755 you reached level 7 of The Dungeons of Doom. On T:1773 you advanced to experience level 4. On T:2063 you advanced to experience level 5. Score breakdown: Gold: 761 ( 76 points) Experience: 5 levels ( 400 points) Exploration: 7 levels ( 180 points) Discoveries: 0 items ( 0 points) Variety of kills: 17 monsters ( 850 points) Major goal: (nothing yet) ( 0 points) Survival: died (score multiplied by 3) Total score: 4518 Latest messages: Welcome to experience level 5. @Ì@ bites the jackal. The jackal is killed! @Ì@ eats a jackal corpse. You see here a crossbow. You displace @Ì@. @Ì@ eats a rothe corpse. You stop exploring. The rothe claws you! The rothe misses. The rothe bites! You stab the rothe! The rothe claws you! The rothe misses. (2x) You kill the rothe! You see here a rothe corpse. @Ì@ eats a rothe corpse. You stab the floating eye! As you meet its deep, meaningful gaze, you feel its suffering as though it were your own. You stab the floating eye! As you meet its deep, meaningful gaze, you feel its suffering as though it were your own. You die... Final status: Sayonara Kikimora the Samurai, killed by vicarious suffering... You died in The Dungeons of Doom on dungeon level 7 with 4518 points, and 761 pieces of gold, after 2095 moves. You were level 5 with a maximum of 54 hit points when you died.